 Dungeon Crawl Stone Soup version 0.28-a0-60-g54b5640690 (webtiles) character file.

Game seed: 10059646100062695582

44 flotson the Sneak (level 3, 0/29 HPs)
             Began as a Demonspawn Delver on July 30, 2021.
             Was an Initiate of Gozag.
             Succumbed to an adder's poison
             ... on level 4 of the Dungeon.
             The game lasted 00:04:01 (620 turns).

flotson the Sneak (Demonspawn Delver)                Turns: 620, Time: 00:04:01

Health: 0/29       AC:  5    Str: 13    XL:     3   Next: 39%
Magic:  3/3        EV:  8    Int: 11    God:    Gozag
Gold:   5          SH:  7    Dex: 14    Spells: 2/2 levels left

rFire   . . .      SeeInvis .   a - +0 broad axe
rCold   . . .      Faith    .   f - +0 kite shield
rNeg    . . .      Spirit   .   d - +0 ring mail
rPois   .          Reflect  .   (no helmet)
rElec   .          Harm     .   (no cloak)
rCorr   .          Rampage  .   (no gloves)
Will    .....                   (no boots)
Stlth   ++........              (no amulet)
HPRegen 0.09/turn               (no ring)
MPRegen 0.08/turn               (no ring)

@: lethally poisoned (0 -> -2)
A: talons 1, powered by pain 1
a: Renounce Religion, Potion Petition, Call Merchant, Bribe Branch


You were on level 4 of the Dungeon.
You worshipped Gozag.
Gozag was noncommittal.
You visited 2 branches of the dungeon, and saw 3 of its levels.

You collected 21 gold pieces.
You paid 16 gold pieces to Gozag.

Inventory:

Hand Weapons
 a - a +0 broad axe (weapon)
Missiles
 i - 8 boomerangs (quivered)
Armour
 b - a +0 leather armour
 d - a +0 ring mail (worn)
 f - a +0 kite shield (worn)
Wands
 g - a wand of digging (2)
Scrolls
 c - a scroll of fog
 e - a scroll of fear
 h - a scroll of vulnerability {unknown}


   Skills:
 + Level 3.3 Fighting
 + Level 2.1 Axes
 + Level 0.8 Throwing
 + Level 0.8 Armour
 + Level 2.1 Dodging
 - Level 4.5 Stealth
 + Level 1.0 Shields


You had 2 spell levels left.
You didn't know any spells.
Your spell library was empty.

Dungeon Overview and Level Annotations

Branches:
Dungeon (5/15)             Temple (1/1) D:4

Altars:
Ashenzari
Cheibriados
Dithmenos
Fedhas
Gozag
Makhleb
Okawaru
Ru
Uskayaw
Vehumet
Wu Jian
The Shining One

Annotations:
D:4 Robin


Innate Abilities, Weirdness & Mutations

You have sharp toenails.
You sometimes gain a little power by taking damage.


Message History

Your kick misses the adder. The adder bites you. You block the adder's attack.
You miss the adder. You claw the adder, but do no damage.
You block the adder's attack. x2
You miss the adder. The adder bites you but does no damage.
The adder barely misses you. You block the adder's attack.
You miss the adder. The adder bites you.
You are poisoned.
The adder poisons you! The adder bites you but does no damage.
You barely miss the adder. You claw the adder, but do no damage.
You feel sick. The adder bites you.
You are more poisoned.
The adder poisons you! The adder bites you.
You are more poisoned.
The adder poisons you!
You closely miss the adder.
You feel very sick. The adder bites you but does no damage.
You block the adder's attack.
You are too injured to fight recklessly!
You are too injured to fight recklessly!
You miss the adder. Your kick misses the adder.
You feel very sick. The adder bites you but does no damage.
The adder bites you.
* * * LOW HITPOINT WARNING * * *
The adder bites you but does no damage.
You aren't carrying any potions.
As you read the scroll of fear, it crumbles to dust.
You assume a fearsome visage.
The adder looks frightened!
The goblin looks frightened!
* * * LOW HITPOINT WARNING * * *
You feel sick.
* * * LOW HITPOINT WARNING * * *
You feel sick.
* * * LOW HITPOINT WARNING * * *
You feel sick.
* * * LOW HITPOINT WARNING * * *
You feel sick.
* * * LOW HITPOINT WARNING * * *
You feel sick.
You die...
Your body crumbles into a pile of gold.

#.#...>...#.....'.†....#.##...
#...............#####.##..#.#
#.#.......#.....# #.).....#
#...............# .######...#
#.#.#.#.#.#.....# ..........#
#...........##### .#######..#
##..###......#### #..#
#...........'..# #..#
########....##@# ##.#
#....##.# #># #....##.# #.#
#.#.###.# #.# #.#.# #.# #.#
#.#.# #.# #.# #.#.# #.# #.#
#.# #.. #.# #..# $ #.#


There were no monsters in sight!

Vanquished Creatures
  A hound (D:4)
  A shadow imp (D:4)
  A giant cockroach (D:4)
  2 goblins (D:4)
  3 hobgoblins (D:4)
8 creatures vanquished.

Notes
Turn   | Place    | Note
-------+----------+-------------------------------------------
     0 | D:5      | flotson the Demonspawn Delver began the quest for the Orb.
     0 | D:5      | Reached XP level 1. HP: 18/18 MP: 1/1
     6 | D:5      | Noticed a scorpion
    40 | D:5      | Noticed an ogre
    90 | D:5      | Noticed a phantom
   112 | D:5      | Noticed a hound
   185 | D:5      | Noticed a scorpion
   250 | D:5      | Noticed an orc warrior
   250 | D:5      | Noticed an orc priest
   287 | D:4      | Noticed Robin
   301 | D:4      | Gained mutation: You have sharp toenails. [demonic
                  | ancestry]
   301 | D:4      | Reached XP level 2. HP: 21/24 MP: 2/2
   389 | D:4      | Reached skill level 1 in Shields
   389 | D:4      | Gained mutation: You sometimes gain a little power by
                  | taking damage. [demonic ancestry]
   389 | D:4      | Reached XP level 3. HP: 18/29 MP: 3/3
   534 | D:4      | Found a staircase to the Ecumenical Temple.
   544 | Temple   | Entered the Ecumenical Temple
   565 | Temple   | Became a worshipper of Gozag Ym Sagoz the Greedy
   619 | D:4      | HP: 1/29 [poisoned by an adder]
   620 | D:4      | Succumbed to an adder's poison

Illustrated notes

Levels and vault maps discovered:
D:4:      layout_basic, minmay_temple_entry_glass, uniq_robin, uniq_ijyb
D:5:      layout_gridville
Temple:   cyrus_circular_temple

Skill      XL: |  1  2 |
---------------+-------+-----
Axes           | 2 |  2.1
Dodging        | 2 |  2.1
Shields        | 1 |  1.0
Fighting       | |  3.3
Throwing       | |  0.8
Armour         | |  0.8
Stealth        | |  4.5

Action                   || total
-------------------------++-------
Melee: Broad axe         ||    34
       Kick              ||     3
Throw: Boomerang         ||     2
Evoke: Wand              ||     1
  Use: Scroll            ||     2
       Potion            ||     1
Armor: Ring mail         ||    20
Dodge: Dodged            ||    14
Block: Kite shield       ||    19

Table legend: (Time is in decaauts)
 A = Elapsed time spent in this place.
 B = Non-inter-level travel time spent in this place.
 C = Inter-level travel time spent in this place.
 D = Time resting spent in this place.
 E = Time spent auto-exploring this place.
 F = Levels seen in this place.
 G = Mean time per level.
                   A        B        C        D        E       F      G
               +--------+--------+--------+--------+--------+-----+--------+
         Total |    631 |    615 |     16 |    136 |    128 |   3 |  210.3 |
       Dungeon |    594 |    593 |      1 |    136 |    115 |   2 |  297.0 |
        Temple |     36 |     21 |     15 |      0 |     13 |   1 |   36.0 |
               +--------+--------+--------+--------+--------+-----+--------+

Top non-repeatable levels by time:
     D:4: 346 daAuts
     D:5: 248 daAuts
  Temple: 36 daAuts
